 Dungeon Crawl Stone Soup version 0.23.2-1-ga50397a (webtiles) character file.

Game seed: 1322425118123859937

741 diana the Covered (level 7, -6/44 HPs)
             Began as a Gargoyle Fighter on May 27, 2019.
             Mangled by a manticore (12 damage)
             ... on level 6 of the Dungeon.
             The game lasted 00:06:25 (4498 turns).

diana the Covered (Gargoyle Fighter)                Turns: 4498, Time: 00:06:25

Health: -6/44      AC: 18    Str: 27    XL:     7   Next: 75%
Magic:  7/7        EV:  6    Int:  8    God:
Gold:   419        SH: 10    Dex:  9    Spells: 6/6 levels left

rFire    . . .     SeeInvis .   a - +0 flail
rCold    . . .     Gourm    .   c - +0 shield
rNeg     + . .     Faith    .   x - +0 plate armour
rPois    ∞         Spirit   .   o - +0 helmet
rElec    +         Reflect  .   (no cloak)
rCorr    .         Harm     .   (no gloves)
MR       .....                  (no boots)
Stlth    ..........             t - amulet of regeneration
HPRegen  0.54/turn              w - ring of stealth
MPRegen  0.10/turn              (no ring)

@: mighty
A: negative energy resistance 1, electricity resistance, unbreathing,
petrification resistance, rot immunity, AC +4
a: no special abilities


You were on level 6 of the Dungeon.
You were not hungry.

You visited 1 branch of the dungeon, and saw 6 of its levels.

You collected 419 gold pieces.

Inventory:

Hand Weapons
 a - a +0 flail (weapon)
Armour
 c - a +0 shield (worn)
 o - a +0 helmet (worn)
 x - a +0 plate armour (worn)
Jewellery
 t - an amulet of regeneration (around neck)
 w - a ring of stealth (left hand)
Wands
 b - a wand of disintegration (10)
 v - a wand of polymorph (8)
 z - a wand of iceblast (8)
Scrolls
 e - 3 scrolls of remove curse {unknown}
 g - 2 scrolls of identify
 k - 7 scrolls of teleportation
 m - a scroll of blinking {unknown}
 r - 3 scrolls of enchant armour {unknown}
 s - 2 scrolls of random uselessness {unknown}
 u - a scroll of magic mapping {unknown}
 y - 2 scrolls of noise {unknown}
Potions
 d - a potion of might
 h - a potion of mutation {unknown}
 i - 2 potions of brilliance {unknown}
 j - 4 potions of degeneration {unknown}
 l - a potion of heal wounds {unknown}
 n - 3 potions of curing {unknown}
 p - a potion of haste
 q - a potion of lignification {unknown}
Comestibles
 f - 6 rations


   Skills:
 + Level 5.1 Fighting
 + Level 4.1 Maces & Flails
 + Level 5.2 Armour
 + Level 2.8 Dodging
 + Level 5.2 Shields


You had 6 spell levels left.
You didn't know any spells.
Your spell library was empty.

Dungeon Overview and Level Annotations

Branches:
Dungeon (6/15)
 Temple: D:4-7

Altars:
Hepliaklqana

Annotations:
D:5 3 runed translucent doors, kalagan's ghost, amateur DEEE


Innate Abilities, Weirdness & Mutations

You are resistant to torment.
Your stone body is resilient. (AC +4)
You are immune to poison.
You resist negative energy. (rN+)
You are resistant to electric shocks. (rElec)
You can survive without breathing.
You are immune to petrification.
You are immune to rotting.


Message History

The manticore claws you but does no damage. x2
You hit the manticore.
The manticore is heavily wounded.
The manticore bites you! The manticore claws you.
You block the manticore's attack. The manticore barely misses you.
The manticore closely misses you.
The manticore claws you but does no damage.
You hit the manticore.
The manticore is heavily wounded.
The manticore bites you but does no damage.
The manticore claws you. You block the manticore's attack.
Your shield and plate armour prevent you from hitting the manticore.
The manticore is heavily wounded.
The manticore bites you!
* * * LOW HITPOINT WARNING * * *
The manticore claws you but does no damage. x2
You hit the manticore.
The manticore is heavily wounded.
The manticore bites you!
You die...

.######## .........
###### ......#### #....#
.. ........ #..).# ...
####.... #....#
....#####....
####....##..............
...'....H...............
#...@# ########....
..#....############....
........................
...#####################
.. . # # # ##########


You could see a manticore.

Vanquished Creatures
  A phantom (D:4)
  An ogre (D:4)
  2 bullfrogs (D:6)
  A howler monkey (D:4)
  4 orc wizards
  A centaur skeleton (D:4)
  An iguana (D:5)
  2 worker ants (D:4)
  A hound zombie (D:6)
  6 adders
  An adder zombie (D:3)
  3 worms
  A dart slug (D:2)
  2 leopard geckos
  11 orcs
  3 ball pythons
  8 bats
  6 giant cockroaches
  6 goblins
  5 hobgoblins
  6 jackals
  6 kobolds
  6 quokkas
  9 frilled lizards
  A jackal skeleton (D:4)
  8 rats
102 creatures vanquished.

Notes
Turn   | Place    | Note
-------+----------+-------------------------------------------
     0 | D:1      | diana the Gargoyle Fighter began the quest for the Orb.
     0 | D:1      | Reached XP level 1. HP: 14/14 MP: 1/1
   313 | D:1      | Reached XP level 2. HP: 10/19 MP: 2/2
  1121 | D:2      | Reached XP level 3. HP: 19/23 MP: 3/3
  1124 | D:2      | Found a hazy altar of Hepliaklqana.
  1632 | D:2      | Reached skill level 1 in Dodging
  1939 | D:3      | Reached XP level 4. HP: 27/29 MP: 4/4
  2312 | D:3      | Reached XP level 5. HP: 10/33 MP: 5/5
  2984 | D:4      | Noticed a phantom
  3012 | D:4      | Killed a phantom
  3012 | D:4      | Reached XP level 6. HP: 35/39 MP: 6/6
  3482 | D:4      | Reached XP level 7. HP: 44/44 MP: 7/7
  3804 | D:5      | Entered Level 5 of the Dungeon
  4070 | D:5      | Found a runed translucent gate.
  4070 | D:5      | Found a runed translucent gate.
  4070 | D:5      | Found a runed translucent gate.
  4070 | D:5      | Noticed kalagan's ghost (amateur DEEE)
  4104 | D:5      | Reached skill level 5 in Fighting
  4104 | D:5      | Reached skill level 5 in Armour
  4104 | D:5      | Reached skill level 5 in Shields
  4487 | D:6      | Noticed a manticore
  4498 | D:6      | Mangled by a manticore

Skill      XL: |  1  2  3  4  5  6  7 |
---------------+----------------------+-----
Dodging        | 1 2 |  2.8
Fighting       | 4 5 |  5.1
Armour         | 4 5 |  5.2
Shields        | 4 5 |  5.2
Maces & Flails | 3 4 |  4.1

Action                   |  1- 3 |  4- 6 |  7- 9 || total
-------------------------+-------+-------+-------++-------
Melee: Flail             |   202 |   248 |   102 ||   552
  Use: Scroll            |       |       |     3 ||     3
       Potion            |       |       |     1 ||     1
  Eat: Chunk             |     4 |     5 |     1 ||    10
       Ration            |       |       |     1 ||     1
Armor: Scale mail        |   133 |   146 |    32 ||   311
       Plate armour      |       |       |    46 ||    46
Dodge: Dodged            |    65 |   105 |    42 ||   212
Block: Shield            |   140 |   138 |    71 ||   349
